 Dungeon Sprint DCSS version 0.26-a0-649-gf8c6c3aab7 (webtiles) character file.

Game seed: 7898539655917906487

10035 sahdkjhfkaj the Stormcaller (level 11, -5/93 HPs)
             Began as a Tengu Conjurer on Sept 27, 2020.
             Was a High Priest of Sif Muna.
             Killed from afar by an eidolon (30 damage)
             ... with a bolt of negative energy
             ... in the Dungeon (Sprint VII: "The Pits").
             The game lasted 00:10:43 (4057 turns).

sahdkjhfkaj the Stormcaller (Tengu Conjurer)        Turns: 4057, Time: 00:10:43

Health: -5/93      AC: 10    Str:  8    XL:     11   Next: 55%
Magic:  2/27       EV: 17    Int: 24    God:    Sif Muna [*****.]
Gold:   0          SH:  0    Dex: 13    Spells: 13/32 levels left

rFire    . . .     SeeInvis .     - Unarmed
rCold    . . .     Faith    .   (shield currently unavailable)
rNeg     . . .     Spirit   .   (armour currently unavailable)
rPois    +         Reflect  .   (helmet currently unavailable)
rElec    .         Harm     .   (cloak currently unavailable)
rCorr    .         Rampage  .   (gloves currently unavailable)
MR       .....     NoTele   +   (boots unavailable)
Stlth    ++........             (no amulet)
HPRegen  0.25/turn              n - +3 ring of intelligence
MPRegen  0.20/turn              o - +3 ring of evasion

@: hydra-form, flying quickly and evasively, very slightly contaminated, slowed,
drained, very slow
A: very large, able to fly
a: Stop Flying, End Transformation, Channel Magic, Forget Spell, Divine
Exegesis, Renounce Religion


You were in the Dungeon.
You worshipped Sif Muna.
Sif Muna was extremely pleased with you.
You were an eight-headed hydra.
You visited 1 branch

Inventory:

Armour
 a - a +2 hat of intelligence (melded)
 q - a +0 cloak (melded)
 s - a +0 buckler (melded)
 t - a +0 robe (melded)
Jewellery
 n - a +3 ring of intelligence (left foreclaw)
 o - a +3 ring of evasion (right foreclaw)
Wands
 m - a wand of random effects (20)
Scrolls
 h - a scroll of blinking
 i - 3 scrolls of remove curse
 j - 5 scrolls of amnesia
 k - a scroll of summoning
 l - 2 scrolls of vulnerability
Potions
 b - 2 potions of invisibility
 c - 8 potions of curing
 d - 4 potions of heal wounds
 e - a potion of haste
 f - 4 potions of magic
 g - 3 potions of berserk rage
 p - a potion of resistance


   Skills:
 - Level 10.0(9.2) Fighting
 - Level 10.0(9.2) Dodging
 - Level 2.0(1.4) Stealth
 - Level 4.0(3.3) Shields
 - Level 12.0(11.2) Unarmed Combat
 + Level 11.2(10.4) Spellcasting
 + Level 11.3(10.5) Conjurations
 * Level 15.2(14.4) Air Magic
 + Level 11.0(10.2) Invocations


You had 13 spell levels left.
You knew the following spells:

 Your Spells              Type           Power        Failure   Level
a - Magic Dart            Conj           ####         1%          1
b - Searing Ray           Conj           ######       1%          2
c - Tornado               Air            ######....   100%        9
d - Orb of Destruction    Conj           ######....   50%         7

Your spell library contained the following spells:

 Spells                   Type           Power        Failure   Level
 Foxfire                  Conj/Fire      ####         1%          1
 Corpse Rot               Necr/Air       N/A          1%          2
 Poisonous Vapours        Pois/Air       #####.       1%          2
 Swiftness                Air            ######..     1%          2
 Dazzling Flash           Conj/Hex       #####.       1%          3
 Mephitic Cloud           Conj/Pois/Air  ######..     1%          3
 Static Discharge         Conj/Air       ######..     1%          3
 Stone Arrow              Conj/Erth      #####.       1%          3
 Airstrike                Air            ######....   1%          4
 Lightning Bolt           Conj/Air       ######....   1%          5
 Summon Lightning Spire   Summ/Air       #####...     2%          4
 Fulminant Prism          Conj/Hex       #####.....   6%          4
 Iskenderun's Mystic Bla  Conj/Tloc      #####...     6%          4
 Sticky Flame             Conj/Fire      #####...     6%          4
 Blink                    Tloc           N/A          8%          2
 Passwall                 Tmut/Erth      ##......     8%          2
 Sublimation of Blood     Necr           ##........   8%          2
 Call Canine Familiar     Summ           ##......     16%         3
 Ignite Poison            Fire/Tmut/Pois ##......     16%         3
 Ozocubu's Armour         Ice            ##......     16%         3
 Irradiate                Conj/Tmut      #####.....   16%         5
 Ice Form                 Ice/Tmut       ##......     45%         4
 Leda's Liquefaction      Hex/Erth       ##........   45%         4
 Petrify                  Tmut/Erth      ##......     45%         4
 Borgnjor's Vile Clutch   Necr/Erth      ##........   80%         5
 Summon Forest            Summ/Tloc      ##........   80%         5
 Yara's Violent Unravell  Hex/Tmut       ##........   80%         5
 Spellforged Servitor     Conj/Summ      #####.....   99%         7
 Hydra Form               Tmut           ##........   100%        6
 Malign Gateway           Summ/Tloc      ##........   100%        7
 Borgnjor's Revivificati  Necr           ##........   100%        8
 Infestation              Necr           ##........   100%        8
 Necromutation            Tmut/Necr      ##........   100%        8


Dungeon Overview and Level Annotations

Branches:
Dungeon (1/1)

Altars:
Ashenzari
Cheibriados
Dithmenos
Elyvilon
Fedhas
Gozag
Hepliaklqana
Kikubaaqudgha
Makhleb
Nemelex Xobeh
Okawaru
Qazlal
Ru
Sif Muna
Trog
Uskayaw
Vehumet
Wu Jian
Xom
Yredelemnul
Zin
The Shining One
Beogh
Jiyva
Lugonu


Innate Abilities, Weirdness & Mutations

((You have a beak for a mouth.))
((You have claws for feet.))
You can fly continuously.


Message History

The jumping spider misses you. The jumping spider closely misses you.
You gouge the jumping spider!!
You devour the jumping spider!
You feel better.
You kill the jumping spider!
Sif Muna accepts your kill.
Your Invocations skill increases to level 11!
The eidolon hits you. The eidolon drains your vigour!
You feel yourself slow down. The eidolon barely misses you.
You see here a warg skeleton.
You barely miss the eidolon.
The eidolon is severely damaged.
The eidolon hits you! The eidolon drains your vigour!
You feel as though you will be slow longer.
The eidolon hits you.
You bite the eidolon!
The eidolon is almost destroyed.
The eidolon completely misses you. The eidolon hits you.
* * * LOW HITPOINT WARNING * * *
The eidolon stares piercingly at you. The bolt of negative energy hits you!!
You feel drained.
You die...

############
#_________.#
#_________.#
#_______...###########
##########'##.........
#..(.')))'.##......#..
##########.##)........
#....DW)[...'...°.....
#'#####'#####[..°..#..
#.#...#.#..##.........
#.#...#.#))#####+#####
#.#...')#))##.......##
#.##)####))##.......##
#.#.....#[[##.......##
#.#.....#'###...<...##
#.#........##.....Y.#


You could see an eidolon (scary).

Vanquished Creatures
  Gastronok (D)
  An eidolon (D)
  An orc high priest (D)
  A flayed ghost (D)
  A lindwurm (D)
  2 manticores (D)
  A freezing wraith (D)
  A demonic crawler (D)
  An ice devil (D)
  A jumping spider (D)
  A troll (D)
  A wind drake (D)
  A tyrant leech (D)
  6 dream sheep (D)
  A wraith (D)
  3 redbacks (D)
  A spriggan (D)
  A shadow (D)
  A ynoxinul (D)
  Grum (D)
  A warg (D)
  An acid dragon (D)
  2 phantoms (D)
  A small abomination (D)
  2 floating eyes (D)
  An orc warrior (D)
  A necrophage (D)
  An ogre (D)
  5 wolves (D)
  A bullfrog (D)
  A quasit (D)
  An iron imp (D)
  An iguana (D)
  A gnoll (D)
  An adder (D)
  A river rat (D)
  2 ufetubi (D)
  An adder skeleton (D)
  An adder zombie (D)
  4 orcs (D)
  A goblin (D)
  2 hobgoblins (D)
  6 jackals (D)
  A quokka (D)
  A frilled lizard (D)
  A kobold (D)
  A quokka zombie (D)
71 creatures vanquished.

Notes
Turn   | Place    | Note
-------+----------+-------------------------------------------
     0 | D        | sahdkjhfkaj the Tengu Conjurer began the quest for the Orb.
     0 | D        | Reached XP level 1. HP: 10/10 MP: 4/4
    14 | D        | Reached XP level 2. HP: 15/15 MP: 1/6
    19 | D        | Found a bloodstained altar of Trog.
    19 | D        | Found a shimmering blue altar of Sif Muna.
    19 | D        | Found a viscous altar of Jiyva.
    19 | D        | Found a hazy altar of Hepliaklqana.
    19 | D        | Found an opulent altar of Gozag.
    20 | D        | Found a glowing golden altar of the Shining One.
    20 | D        | Found a glowing silver altar of Zin.
    20 | D        | Found a basalt altar of Yredelemnul.
    20 | D        | Found a shimmering altar of Xom.
    20 | D        | Found an ornate altar of the Wu Jian Council.
    20 | D        | Found a sacrificial altar of Ru.
    20 | D        | Found a stormy altar of Qazlal.
    20 | D        | Found an iron altar of Okawaru.
    20 | D        | Found a sparkling altar of Nemelex Xobeh.
    20 | D        | Found a burning altar of Makhleb.
    20 | D        | Found a blossoming altar of Fedhas.
    20 | D        | Found a white marble altar of Elyvilon.
    20 | D        | Found a shadowy altar of Dithmenos.
    20 | D        | Found a snail-covered altar of Cheibriados.
    21 | D        | Found a radiant altar of Vehumet.
    21 | D        | Found a corrupted altar of Lugonu.
    21 | D        | Found a roughly hewn altar of Beogh.
    22 | D        | Found a hide-covered altar of Uskayaw.
    22 | D        | Found an ancient bone altar of Kikubaaqudgha.
    22 | D        | Found a broken altar of Ashenzari.
    64 | D        | Became a worshipper of Sif Muna the Loreminder
    98 | D        | Learned a level 2 spell: Searing Ray
   140 | D        | Reached * piety under Sif Muna
   143 | D        | Reached ** piety under Sif Muna
   143 | D        | Reached XP level 3. HP: 19/19 MP: 4/9
   247 | D        | Noticed a floating eye
   249 | D        | Killed a floating eye
   249 | D        | Reached skill level 5 in Spellcasting
   249 | D        | Reached XP level 4. HP: 27/27 MP: 7/12
   249 | D        | Gained mutation: You can fly continuously. [Tengu growth]
   249 | D        | Reached XP level 5. HP: 31/31 MP: 8/14
   260 | D        | Reached *** piety under Sif Muna
   351 | D        | Noticed a necrophage
   362 | D        | Killed a necrophage
   362 | D        | Reached skill level 5 in Dodging
   362 | D        | Reached XP level 6. HP: 34/38 MP: 11/16
   407 | D        | Reached **** piety under Sif Muna
   439 | D        | Reached skill level 5 in Unarmed Combat
   648 | D        | Noticed a ynoxinul
   654 | D        | Killed a ynoxinul
   654 | D        | Reached skill level 5 in Fighting
   654 | D        | Reached XP level 7. HP: 34/44 MP: 9/18
   727 | D        | Reached ***** piety under Sif Muna
   728 | D        | Identified Sif Muna's Catalogue of Congealing Ignition (Sif
                  | Muna gifted it to you in the Dungeon)
   728 | D        | Received a gift from Sif Muna
   732 | D        | Reached skill level 10 in Conjurations
   879 | D        | Noticed Grum
   885 | D        | Reached skill level 5 in Invocations
   887 | D        | Killed Grum
   887 | D        | Reached XP level 8. HP: 45/52 MP: 11/20
  1047 | D        | Noticed a dream sheep
  1047 | D        | Noticed a dream sheep
  1049 | D        | Noticed a dream sheep
  1051 | D        | Noticed a dream sheep
  1052 | D        | Noticed a dream sheep
  1056 | D        | Noticed a dream sheep
  1076 | D        | Killed a dream sheep
  1076 | D        | Killed a dream sheep
  1076 | D        | Identified Sif Muna's Grimoire of Feathers and the Escort
                  | (Sif Muna gifted it to you in the Dungeon)
  1076 | D        | Received a gift from Sif Muna
  1077 | D        | Killed a dream sheep
  1078 | D        | Killed a dream sheep
  1084 | D        | Killed a dream sheep
  1084 | D        | Reached XP level 9. HP: 37/59 MP: 12/23
  1205 | D        | Learned a level 9 spell: Tornado
  1206 | D        | Noticed Gastronok
  1223 | D        | Killed Gastronok
  1223 | D        | Reached skill level 10 in Dodging
  1223 | D        | Reached skill level 10 in Unarmed Combat
  1223 | D        | Reached skill level 10 in Spellcasting
  1223 | D        | Reached skill level 8 in Air Magic
  1223 | D        | Reached XP level 10. HP: 39/66 MP: 7/25
  1417 | D        | Noticed a death yak
  1440 | D        | Identified Sif Muna's Handbook of Transmigration (Sif Muna
                  | gifted it to you in the Dungeon)
  1440 | D        | Received a gift from Sif Muna
  1442 | D        | Reached skill level 9 in Air Magic
  1463 | D        | Noticed a flayed ghost
  1491 | D        | Noticed a manticore
  1513 | D        | Reached skill level 10 in Fighting
  1518 | D        | Killed a manticore
  1518 | D        | Reached skill level 10 in Air Magic
  1891 | D        | Identified Sif Muna's Volume of the Mountains and the
                  | Entourage (Sif Muna gifted it to you in the Dungeon)
  1891 | D        | Received a gift from Sif Muna
  1891 | D        | Reached skill level 11 in Air Magic
  2069 | D        | Killed a flayed ghost
  2069 | D        | Reached skill level 1 in Shields
  2163 | D        | Reached skill level 12 in Air Magic
  2166 | D        | Identified Sif Muna's Collected Works on Air (Sif Muna
                  | gifted it to you in the Dungeon)
  2166 | D        | Received a gift from Sif Muna
  2166 | D        | HP: 3/68 [wind drake/the air (20)]
  2396 | D        | Noticed a lindwurm
  2403 | D        | Noticed an eidolon
  2411 | D        | Reached ****** piety under Sif Muna
  2411 | D        | Reached skill level 10 in Invocations
  2411 | D        | Reached XP level 11. HP: 30/72 MP: 21/26
  2424 | D        | Killed a lindwurm
  2424 | D        | Reached skill level 13 in Air Magic
  2656 | D        | Identified Sif Muna's Catalogue of Hurtful Dislocation (Sif
                  | Muna gifted it to you in the Dungeon)
  2656 | D        | Received a gift from Sif Muna
  3084 | D        | Learned a level 7 spell: Orb of Destruction
  3146 | D        | Killed an eidolon
  3146 | D        | Reached skill level 14 in Air Magic
  3414 | D        | Noticed a manticore
  3415 | D        | Noticed an orc high priest
  3415 | D        | Noticed an eidolon
  3474 | D        | Killed a manticore
  3787 | D        | Noticed a sun demon
  3791 | D        | Killed an orc high priest
  3791 | D        | Identified Sif Muna's Disquisition on Shifting Dark Rituals
                  | (Sif Muna gifted it to you in the Dungeon)
  3791 | D        | Received a gift from Sif Muna
  3791 | D        | Reached skill level 15 in Air Magic
  4022 | D        | Noticed a death yak
  4057 | D        | Killed from afar by an eidolon

Illustrated notes

Levels and vault maps discovered:
D:        pitsprint [storerooms_1, entrance_room_1, metal_vault_5, armoury_3,
          mini_pit_1, grid_room_1, main_hall_1, silver_pit, the_coven_3,
          the_vestibule_1, steel_vault_3, golden_pit, hallway_of_sentries,
          crystal_vault_6, iron_vault_3, final_vault]

Skill      XL: |  1  2  3  4  5  6  7  8  9 10 11 |
---------------+----------------------------------+-----
Conjurations   | 7 8 9 10 11 | 11.3
Spellcasting   | 4 5 6 7 9 10 11 | 11.2
Fighting       | 2 4 5 6 8 9 10 | 10.0
Dodging        | 3 5 6 7 9 10 | 10.0
Unarmed Combat | 2 4 5 7 8 10 11 12 | 12.0
Invocations    | 2 3 4 5 7 8 10 11 | 11.0
Air Magic      | 8 12 15 | 15.2
Shields        | 3 4 |  4.0
Stealth        | |  2.0

Action                   |  1- 3 |  4- 6 |  7- 9 | 10-12 || total
-------------------------+-------+-------+-------+-------++-------
Melee: Unarmed           |       |     8 |     2 |    29 ||    39
       Kick              |       |     2 |     1 |     8 ||    11
       Peck              |       |       |       |     2 ||     2
 Cast: Magic Dart        |     3 |       |       |       ||     3
       Searing Ray       |     3 |     6 |    11 |    30 ||    50
       Orb of Destructio |       |       |       |     6 ||     6
       Tornado           |       |       |       |     1 ||     1
       Hydra Form        |       |       |       |     1 ||     1
       Irradiate         |       |       |       |     1 ||     1
Invok: Divine Exegesis   |       |       |       |     3 ||     3
 Abil: Fly               |       |     1 |       |     1 ||     2
       Stop Flying       |       |       |       |     1 ||     1
  Use: Potion            |       |       |     3 |     7 ||    10
Armor: Robe              |     1 |     1 |       |     1 ||     3
       Chain mail        |       |       |     7 |    56 ||    63
       Skin              |       |       |       |     1 ||     1
Dodge: Dodged            |     1 |     8 |    13 |    82 ||   104
Block: Buckler           |       |       |       |    20 ||    20

Table legend: (Time is in decaauts)
 A = Elapsed time spent in this place.
 B = Non-inter-level travel time spent in this place.
 C = Inter-level travel time spent in this place.
 D = Time resting spent in this place.
 E = Time spent auto-exploring this place.
 F = Levels seen in this place.
 G = Mean time per level.
                   A        B        C        D        E       F      G
               +--------+--------+--------+--------+--------+-----+--------+
         Total |   4021 |   3895 |    126 |   2806 |      0 |   1 | 4021.0 |
       Dungeon |   4021 |   3895 |    126 |   2806 |      0 |   1 | 4021.0 |
               +--------+--------+--------+--------+--------+-----+--------+

Top non-repeatable levels by time:
       D: 4021 daAuts
